 Dungeon Crawl Stone Soup version 0.27-a0-249-g74f53ef629 (webtiles) character file.

Game seed: 7605913920275195229

143 Morgoth the Skirmisher (level 4, -6/40 HPs)
             Began as a Demigod Artificer on Feb 3, 2021.
             Killed by divine providence
             ... invoked by an orc priest
              (15 damage)
             ... on level 3 of the Dungeon.
             The game lasted 00:09:33 (3734 turns).

Morgoth the Skirmisher (Demigod Artificer)          Turns: 3734, Time: 00:09:33

Health: -6/40      AC:  5    Str: 15    XL:     4   Next: 76%
Magic:  6/6        EV:  8    Int: 23    God:
Gold:   75         SH:  8    Dex: 16    Spells: 3/3 levels left

rFire    . . .     SeeInvis .   s - +0 short sword
rCold    . . .     Faith    .   g - +0 kite shield
rNeg     . . .     Spirit   .   t - +0 ring mail
rPois    .         Reflect  .   (no helmet)
rElec    .         Harm     .   (no cloak)
rCorr    .         Rampage  .   (no gloves)
Will     +....                  (no boots)
Stlth    +.........             (no amulet)
HPRegen  0.13/turn              r - +6 ring of intelligence
MPRegen  0.10/turn              o - ring of willpower

@: no status effects
A: high mp 1
a: no special abilities


You were on level 3 of the Dungeon.
You visited 1 branch of the dungeon, and saw 3 of its levels.

You collected 75 gold pieces.

Inventory:

Hand Weapons
 s - a +0 short sword (weapon)
Missiles
 n - 22 arrows
 q - 19 poisoned darts (quivered)
Armour
 g - a +0 kite shield (worn)
 t - a +0 ring mail (worn)
Jewellery
 o - a ring of willpower (right hand)
 r - a +6 ring of intelligence (left hand)
Wands
 c - a wand of flame (1)
 d - a wand of charming (10)
 e - a wand of random effects (15)
Scrolls
 f - 3 scrolls of teleportation
 i - 2 scrolls of remove curse {unknown}
 l - a scroll of magic mapping {unknown}
Potions
 a - a potion of magic {unknown}
 h - 2 potions of flight
 j - a potion of brilliance
 k - a potion of ambrosia
 m - 2 potions of berserk rage
 p - a potion of curing


   Skills:
 - Level 4.1 Fighting
 - Level 1.7 Armour
 - Level 0.8 Dodging
 - Level 0.8 Stealth
 + Level 1.5 Shields
 - Level 2.6 Evocations


You had 3 spell levels left.
You didn't know any spells.
Your spell library was empty.

Dungeon Overview and Level Annotations

Branches:
Dungeon (3/15)

Annotations:
D:1 not fully completed


Innate Abilities, Weirdness & Mutations

You have an increased reservoir of magic. (+10% MP)


Message History

You block the orc priest's attack.
You hit the orc priest.
The orc priest is almost dead.
The orc priest invokes the aid of Beogh against you.
Beogh smites you!
* * * LOW HITPOINT WARNING * * *
You hit the orc priest but do no damage.
The orc priest is almost dead.
The orc priest closely misses you.
You hit the orc priest but do no damage.
The orc priest is almost dead.
The orc priest hits you but does no damage.
The orc priest invokes the aid of Beogh against you.
Beogh smites you!
* * * LOW HITPOINT WARNING * * *
You barely miss the orc priest.
The orc priest is almost dead.
The orc priest mumbles some strange prayers to Beogh against you.
Beogh smites you!
You die...

###..............##
##############.......≈......≈..≈
#.<...............#≈≈≈.≈.≈.≈..≈≈
#.############.......≈≈≈≈≈≈≈≈≈≈≈
#.# ###.#.≈.≈≈≈≈≈≈≈≈≈.. #[#
#.#..≈≈≈≈≈≈≈≈≈≈≈≈ #.#
###.#...≈≈≈.♣≈≈≈≈.. #.#
##.#.#...≈≈≈≈_.≈≈≈≈≈ #.#
##<#@.##..≈≈≈♣..≈≈≈.≈ #.#
##.###o##..≈≈≈≈≈≈≈≈≈..
#.#########.## ##.#.≈≈≈≈≈≈≈≈≈≈≈≈
#............###.....≈≈≈≈≈≈≈≈≈≈.
#######..####.#..o.......≈..≈..≈
#..# ##[#.##...≈.≈.≈≈..≈. #..#
#.#.##..##.###.##.. #..#
#.#.##..##.###..... #..#
#.o.##..##.........


You could see an orc priest.

Vanquished Creatures
  An orc priest (D:2)
  3 adders (D:2)
  An ooze (D:2)
  2 dart slugs
  2 leopard geckos (D:2)
  5 orcs
  A ball python (D:1)
  4 giant cockroaches
  4 goblins
  10 hobgoblins
  7 jackals
  4 kobolds
  4 quokkas
  3 bats (D:2)
  2 frilled lizards
  A quokka skeleton (D:3)
  3 rats
57 creatures vanquished.

Vanquished Creatures (collateral kills)
  An adder (D:3)
  A rat (D:2)
2 creatures vanquished.

Vanquished Creatures (others)
  An adder (D:3)
  2 withered plants (D:3)
3 creatures vanquished.

Grand Total: 62 creatures vanquished

Notes
Turn   | Place    | Note
-------+----------+-------------------------------------------
     0 | D:1      | Morgoth the Demigod Artificer began the quest for the Orb.
     0 | D:1      | Reached XP level 1. HP: 15/15 MP: 3/3
    33 | D:1      | Reached skill level 1 in Fighting
   440 | D:1      | Reached skill level 2 in Fighting
   441 | D:1      | Reached XP level 2. HP: 24/24 MP: 4/4
  1291 | D:2      | Reached XP level 3. HP: 26/30 MP: 5/5
  1411 | D:2      | Reached skill level 3 in Fighting
  1701 | D:2      | Noticed an angel
  2217 | D:2      | Found a glowing silver altar of Zin.
  2686 | D:2      | Reached XP level 4. HP: 40/40 MP: 6/6
  2754 | D:3      | Reached skill level 4 in Fighting
  3125 | D:3      | Found a faded altar of an unknown god.
  3574 | D:2      | Reached skill level 1 in Shields
  3734 | D:3      | Killed from afar by an orc priest

Illustrated notes

Levels and vault maps discovered:
D:1:      dpeg_arrival_erosion, layout_rooms
D:2:      layout_basic, zin_angel, minmay_tromino_v4_b
D:3:      layout_loops_ring, serial_undead, serial_undead_c, serial_undead_b,
          serial_undead_f, serial_undead_f, serial_undead_e, serial_undead_a,
          serial_undead_e, chequers_ecumenical_altar_island,
          hangedman_decor_push, minmay_puff, uniq_grinder,
          uniq_crazy_yiuf_cottage

Skill      XL: |  1  2  3  4 |
---------------+-------------+-----
Fighting       | 2 3 4 |  4.1
Shields        | 1 |  1.5
Armour         | |  1.7
Dodging        | |  0.8
Stealth        | |  0.8
Evocations     | |  2.6

Action                   |  1- 3 |  4- 6 || total
-------------------------+-------+-------++-------
Melee: Club              |   142 |       ||   142
       Short sword       |    51 |    89 ||   140
Evoke: Wand              |    16 |     3 ||    19
  Use: Scroll            |     3 |     2 ||     5
 Stab: Sleeping          |     1 |       ||     1
Armor: Leather armour    |    59 |    26 ||    85
       Ring mail         |       |    17 ||    17
Dodge: Dodged            |   117 |    46 ||   163
Block: Kite shield       |    87 |    43 ||   130

Table legend: (Time is in decaauts)
 A = Elapsed time spent in this place.
 B = Non-inter-level travel time spent in this place.
 C = Inter-level travel time spent in this place.
 D = Time resting spent in this place.
 E = Time spent auto-exploring this place.
 F = Levels seen in this place.
 G = Mean time per level.
                   A        B        C        D        E       F      G
               +--------+--------+--------+--------+--------+-----+--------+
         Total |   3876 |   3830 |     46 |   1819 |    933 |   3 | 1292.0 |
       Dungeon |   3876 |   3830 |     46 |   1819 |    933 |   3 | 1292.0 |
               +--------+--------+--------+--------+--------+-----+--------+

Top non-repeatable levels by time:
     D:2: 2471 daAuts
     D:3: 786 daAuts
     D:1: 618 daAuts
